 Dungeon Crawl Stone Soup version 0.22-a0-877-g5c4e1afb51 (webtiles) character file.

10115 RKaid the Covert (level 11, -2/68 HPs)
             Began as an Octopode Fire Elementalist on July 29, 2018.
             Was a Follower of Ru.
             Slain by a wolf (7 damage)
             ... on level 2 of the Lair of Beasts.
             The game lasted 00:52:48 (16670 turns).

RKaid the Covert (Octopode Fire Elementalist)      Turns: 16670, Time: 00:52:48

Health: -2/68      AC:  1    Str: 11    XL:     11   Next: 57%
Magic:  24/29      EV: 19    Int: 21    God:    Ru [*.....]
Gold:   712        SH:  5    Dex: 12    Spells: 8/23 levels left

rFire    . . .     SeeInvis +   a - +3 hand axe (elec)
rCold    . . .     Gourm    .   z - +1 buckler
rNeg     . . .     Faith    .   (helmet restricted)
rPois    .         Spirit   .   (no amulet)
rElec    .         Reflect  .   l - ring of see invisible {sInv}
rCorr    +         Harm     .   d - ring of flight {+Fly}
MR       .....                  u - +3 ring of evasion
Stlth    +++++.....             D - ring of magical power {MP+9}
HPRegen  0.21/turn              y - +3 ring of strength
MPRegen  0.21/turn              K - ring of resist corrosion
                                (no ring)
                                (no ring)

@: about to teleport
A: almost no armour, stealthy swim, amphibious, 8 rings, constrict 8, camouflage
1, gelatinous body 1, unskilled 1
a: Renounce Religion, Evoke Flight


You were on level 2 of the Lair of Beasts.
You worshipped Ru.
Ru was aware of your devotion.
You were not hungry.

You visited 3 branches of the dungeon, and saw 13 of its levels.

You collected 712 gold pieces.

Inventory:

Hand Weapons
 a - a +3 hand axe of electrocution (weapon)
   (You took it off an orc on level 10 of the Dungeon)
 b - a +0 hunting sling of freezing
   (You found it on level 2 of the Dungeon)
 w - a +1 falchion of freezing
   (You found it on level 2 of the Dungeon)
 J - a +3 falchion
   (You took it off a wight on level 8 of the Dungeon)
 M - a +0 dagger of draining
   (You took it off a goblin on level 1 of the Dungeon)
Missiles
 m - 32 poisoned needles
 p - 6 curare-tipped needles
 q - 50 sling bullets
 s - 406 stones (quivered)
Armour
 z - a +1 buckler (worn)
   (You found it on level 3 of the Dungeon)
Jewellery
 d - a ring of flight (right tentacle) {+Fly}
   (You found it on level 1 of the Dungeon)
 l - a ring of see invisible (left tentacle) {sInv}
   (You found it on level 1 of the Dungeon)
 u - a +3 ring of evasion (on tentacle)
   (You found it on level 2 of the Dungeon)
 y - a +3 ring of strength (on tentacle)
   (You found it on level 8 of the Dungeon)
 D - a ring of magical power (on tentacle) {MP+9}
   (You found it on level 5 of the Dungeon)
 K - a ring of resist corrosion (on tentacle)
   (You found it on level 9 of the Dungeon)
Wands
 k - a wand of polymorph (16)
   (You took it off Ijyb on level 4 of the Dungeon)
 E - a wand of random effects (7)
   (You took it off Eustachio on level 6 of the Dungeon)
 O - a wand of flame (31)
   (You found it on level 1 of the Lair of Beasts)
Scrolls
 i - 5 scrolls of identify
 j - 2 scrolls of amnesia
 o - 2 scrolls of remove curse
 F - 2 scrolls of enchant armour
 H - 2 scrolls of immolation {!r}
 I - a scroll of magic mapping {!r}
 N - a scroll of enchant weapon {unknown}
Potions
 c - 2 potions of curing
 e - 3 potions of ambrosia
 g - a potion of haste
 h - a potion of heal wounds
 n - 4 potions of flight
 r - 2 potions of brilliance
 v - 2 potions of lignification {!q}
 x - a potion of might
 A - a potion of invisibility {unknown}
 B - a potion of resistance {unknown}
 C - 2 potions of mutation {unknown}
 G - a potion of magic {unknown}
Miscellaneous
 L - a phial of floods
   (You found it on level 9 of the Dungeon)
Comestibles
 f - 12 rations


   Skills:
 + Level 3.7 Fighting
 - Level 6.0 Dodging
 + Level 9.0 Stealth
 - Level 3.6 Shields
 + Level 6.6 Spellcasting
 + Level 7.8 Conjurations
 + Level 8.3 Fire Magic


You had 8 spell levels left.
You knew the following spells:

 Your Spells              Type           Power        Failure   Level  Hunger
a - Flame Tongue          Conj/Fire      #####        1%          1    None
b - Throw Flame           Conj/Fire      #####.       1%          2    None
c - Fireball              Conj/Fire      #####.....   10%         5    #####..
d - Sticky Flame          Conj/Fire      #####...     3%          4    ###....
e - Conjure Flame         Conj/Fire      #####...     1%          3    #......

Your spell library contained the following spells:

 Spells                   Type           Power        Failure   Level  Hunger
 Inner Flame              Hex/Fire       ###.....     5%          3    #......


Dungeon Overview and Level Annotations

Branches:
Dungeon (10/15)            Temple (1/1) D:5            Lair (2/6) D:9
    Orc (0/2) D:10
  Swamp: Lair:2-4    Shoals: Lair:2-4     Snake: Lair:2-4    Spider: Lair:2-4

Altars:
Ashenzari
Cheibriados
Dithmenos
Elyvilon
Fedhas
Gozag
Hepliaklqana
Kikubaaqudgha
Makhleb
Nemelex Xobeh
Okawaru
Qazlal
Ru
Sif Muna
Trog
Uskayaw
Vehumet
Wu Jian
Xom
Yredelemnul
Zin
The Shining One

Shops:
D:4 *   D:10 *

Annotations:
D:8 3 runed doors, LLavrengius's ghost, novice DrTm
Lair:1 exclusions: 5 killer bees and 3 more exclusions


Innate Abilities, Weirdness & Mutations

You cannot wear most types of armour.
You are very stealthy in the water. (Stealth+)
You are amphibious.
You can wear up to eight rings at the same time.
You can use your tentacles to constrict eight enemies at once.
Your skin changes colour to match your surroundings (Stealth+).
Your rubbery body absorbs attacks. (AC +1, EV +1)
You are somewhat unskilled. (-1 Apt)


Message History

Okay, then.
Okay, then.
You feel better. The black mamba bites you.
You are poisoned.
The black mamba poisons you! The yak misses you.
The yak gores you but does no damage.
As you read the scroll of teleportation, it crumbles to dust.
You feel strangely unstable.
You feel sick. The black mamba barely misses you. The yak gores you!
The black mamba closely misses you. The yak misses you.
You feel sick. The black mamba closely misses you.
You feel sick. The black mamba bites you!
* * * LOW HITPOINT WARNING * * *
You feel better. The black mamba misses you. You block the yak's attack.
The yak gores you!
* * * LOW HITPOINT WARNING * * *
The black mamba closely misses you.
Your surroundings suddenly seem different.
You eat one of the 13 rations.
That ration really hit the spot!
A wolf comes into view.
A wolf comes into view.
A wolf comes into view.
You start resting.
A komodo dragon comes into view.
A komodo dragon is nearby!
The komodo dragon hisses angrily.
Casting: Flame Tongue (safe; 1% risk of failure)
Confirm with . or Enter, or press ? or * to list all spells.
Aiming: Throw Flame (safe; 1% risk of failure)
Press: ? - help, Shift-Dir - straight line, f - komodo dragon
Aim: a komodo dragon The puff of flame hits the komodo dragon.
Casting: Throw Flame (safe; 1% risk of failure)
Confirm with . or Enter, or press ? or * to list all spells.
Aiming: Throw Flame (safe; 1% risk of failure)
Press: ? - help, Shift-Dir - straight line, f/p - komodo dragon
Aim: a komodo dragon (lightly wounded)
The puff of flame misses the komodo dragon.
Casting: Throw Flame (safe; 1% risk of failure)
Confirm with . or Enter, or press ? or * to list all spells.
Aiming: Sticky Flame (safe; 3% risk of failure)
Press: ? - help, Shift-Dir - straight line, f/p - komodo dragon
Aim: a komodo dragon (lightly wounded)
The sticky flame hits the komodo dragon.
The komodo dragon is covered in liquid flames!
The komodo dragon burns!
The komodo dragon bites you!!
* * * LOW HITPOINT WARNING * * *
The komodo dragon burns!
The komodo dragon burns!
The wolf howls!
You hear a howl!
The komodo dragon burns!
A wolf comes into view.
The komodo dragon burns!
A wolf comes into view.
The komodo dragon burns!
The komodo dragon stops burning.
You block the wolf's attack.
The wolf bites something!
The wolf completely misses you.
The wolf howls!
The wolf closely misses you. The wolf misses you.
A water moccasin comes into view.
The wolf bites you!
* * * LOW HITPOINT WARNING * * *
Okay, then.
You feel much better.
You redirect the wolf's attack!
The wolf completely misses itself.
You block the wolf's attack. x2
The wolf bites you!
* * * LOW HITPOINT WARNING * * *
The wolf howls!
The komodo dragon misses you.
You feel much better. The wolf barely misses you. The wolf closely misses you.
The wolf misses you. x2; The komodo dragon bites you!!
* * * LOW HITPOINT WARNING * * *
You block the wolf's attack. The wolf completely misses you.
The water moccasin hisses angrily.
You feel much better. The wolf barely misses you.
The wolf completely misses you. The wolf bites you!
You block the wolf's attack. The komodo dragon barely misses you.
The wolf misses you. The wolf closely misses you. The wolf misses you.
The wolf closely misses you.
As you read the scroll of teleportation, it crumbles to dust.
You feel strangely unstable. The wolf barely misses you.
The wolf closely misses you. You block the wolf's attack. The wolf misses you.
The komodo dragon bites you. The wolf misses you.
You barely miss the wolf. You grab the wolf. You barely miss the wolf.
You hit the komodo dragon but do no damage.
Lightning courses through the komodo dragon!
You kill the komodo dragon!
Your Stealth skill increases to level 9!
You hit the wolf but do no damage. Lightning courses through the wolf!
You miss the wolf. You constrict the wolf.
The wolf is stunned by your will and fails to attack.
The wolf closely misses you. x2; The wolf completely misses you.
You block the wolf's attack. The wolf misses you. The wolf bites you!
* * * LOW HITPOINT WARNING * * *
The wolf bites you!
* * * LOW HITPOINT WARNING * * *
You redirect the wolf's attack!
The wolf bites the wolf but does no damage.
The wolf bites you!
You die...

.................. #.
................. #..
................. ....
###..............
....####.#..............
........................
#...h............P.P.
##Shh#.#.#####.....##
##h@##### #...### #†h#
#....# #..# ...... #..##
..... #..P# #...##
#..#.# #..........(
#...........


You could see a water moccasin and 5 wolves.

Vanquished Creatures
  A two-headed ogre (D:8)
  The ghost of Necrophagist the Thaumaturge, a novice OpWz of Vehumet (D:7)
  3 spiny frogs (Lair:1)
  A rime drake (Lair:1)
  2 komodo dragons (Lair:2)
  3 hippogriffs
  Sigmund (D:6)
  A wraith (D:10)
  4 yaks
  A wyvern (D:9)
  Eustachio (D:6)
  A fire bat (D:7)
  2 hungry ghosts
  Menkaure (D:6)
  2 water moccasins (Lair:1)
  4 porcupines
  4 orc warriors
  2 black bears (D:9)
  A phantom (D:7)
  2 necrophages
  2 ice beasts
  3 wolves (Lair:1)
  7 ogres
  3 crocodiles
  7 bullfrogs
  3 scorpions
  11 wights
  4 howler monkeys
  3 crimson imps
  5 hounds
  2 jellies
  2 bullfrog skeletons (D:8)
  3 centaur skeletons
  4 orc priests
  A gnoll shaman (D:9)
  6 orc wizards
  2 iguanas
  Ijyb (D:4)
  8 worker ants
  3 ogre zombies (D:10)
  A hound zombie (D:8)
  A hound skeleton (D:6)
  Robin (D:2)
  A worker ant zombie (D:6)
  3 gnolls (D:9)
  7 adders
  3 shadow imps
  An ooze (D:1)
  An adder skeleton (D:9)
  3 worms
  2 dart slugs (D:1)
  7 leopard geckos
  26 orcs
  7 bats
  4 giant cockroaches
  14 goblins
  6 hobgoblins
  10 jackals
  7 kobolds
  2 quokkas
  7 frilled lizards
  2 goblin skeletons (D:10)
  2 goblin zombies (D:10)
  3 hobgoblin zombies (D:10)
  A jackal skeleton (D:8)
  An orc skeleton (D:10)
  9 orc zombies (D:10)
  8 rats
258 creatures vanquished.

Vanquished Creatures (others)
  43 fungi (D:9)
  23 plants
66 creatures vanquished.

Grand Total: 324 creatures vanquished

Notes
Turn   | Place    | Note
-------+----------+-------------------------------------------
     0 | D:1      | RKaid the Octopode Fire Elementalist began the quest for the Orb.
     0 | D:1      | Reached XP level 1. HP: 11/11 MP: 3/3
   374 | D:1      | Reached XP level 2. HP: 17/17 MP: 0/5
   691 | D:1      | Reached XP level 3. HP: 22/22 MP: 2/6
  1214 | D:1      | Reached skill level 2 in Conjurations
  1541 | D:2      | Learned a level 2 spell: Throw Flame
  1545 | D:2      | Learned a level 3 spell: Conjure Flame
  1984 | D:2      | Noticed Robin
  1990 | D:2      | Reached skill level 1 in Fighting
  2038 | D:2      | Killed Robin
  2038 | D:2      | Reached XP level 4. HP: 11/28 MP: 1/7
  3883 | D:3      | Found a faded altar of an unknown god.
  3935 | D:3      | Reached skill level 4 in Fire Magic
  3935 | D:3      | Reached XP level 5. HP: 33/33 MP: 0/8
  4087 | D:4      | Reached skill level 1 in Shields
  4170 | D:4      | Noticed an ogre
  4187 | D:3      | Reached skill level 3 in Conjurations
  4385 | D:4      | Reached XP level 6. HP: 37/39 MP: 8/10
  4498 | D:4      | Reached skill level 2 in Fighting
  4608 | D:4      | Found Sise Ofenuq's Assorted Antiques.
  4889 | D:4      | Reached skill level 2 in Shields
  5047 | D:4      | Noticed Ijyb
  5153 | D:3      | Reached skill level 3 in Spellcasting
  5159 | D:3      | Learned a level 4 spell: Sticky Flame
  5330 | D:4      | Reached XP level 7. HP: 45/45 MP: 2/11
  5515 | D:4      | Killed Ijyb
  5607 | D:5      | Entered Level 5 of the Dungeon
  5610 | D:5      | Reached skill level 4 in Conjurations
  5610 | D:5      | Reached skill level 5 in Fire Magic
  5628 | D:5      | Found a staircase to the Ecumenical Temple.
  5651 | Temple   | Entered the Ecumenical Temple
  5710 | Temple   | Became a worshipper of Ru the Awakened
  6579 | D:6      | Reached skill level 3 in Shields
  7104 | D:6      | Reached XP level 8. HP: 46/51 MP: 6/13
  7131 | D:6      | Reached skill level 3 in Fighting
  7350 | D:6      | Noticed Sigmund
  7367 | D:6      | Killed Sigmund
  7367 | D:6      | Reached skill level 4 in Shields
  7538 | D:6      | Noticed Menkaure
  7541 | D:6      | Killed Menkaure
  7541 | D:6      | Reached skill level 5 in Conjurations
  7541 | D:6      | Reached skill level 6 in Fire Magic
  7680 | D:6      | Noticed Eustachio
  7691 | D:6      | Killed Eustachio
  7691 | D:6      | Reached skill level 4 in Spellcasting
  8050 | D:7      | Noticed Joseph
  8078 | D:7      | Reached skill level 3 in Stealth
  8328 | D:7      | Reached skill level 4 in Fighting
  8751 | D:7      | Reached XP level 9. HP: 58/58 MP: 15/15
  8769 | D:7      | Learned a level 5 spell: Fireball
  8875 | D:7      | Noticed Joseph
  8875 | D:7      | Joseph changed into Joseph the fire bat
  8892 | D:7      | HP: 14/58 [Joseph the fire bat (5)]
  8893 | D:7      | Killed Joseph the fire bat
  8893 | D:7      | Reached skill level 4 in Stealth
  9329 | D:7      | Found a large runed door.
  9331 | D:7      | Found a large runed door.
  9341 | D:7      | Noticed Necrophagist's ghost (novice OpWz)
  9508 | D:7      | Killed Necrophagist's ghost
  9508 | D:7      | Reached skill level 3 in Dodging
  9508 | D:7      | Reached skill level 6 in Conjurations
  9738 | D:7      | Found a sacrificial altar of Ru.
  9900 | D:8      | Found a sparkling altar of Nemelex Xobeh.
  9993 | D:8      | Reached skill level 5 in Stealth
 10110 | D:8      | Reached skill level 7 in Fire Magic
 10231 | D:8      | Reached skill level 5 in Spellcasting
 10350 | D:8      | Noticed a two-headed ogre
 10410 | D:8      | Killed a two-headed ogre
 10410 | D:8      | Reached skill level 4 in Dodging
 10410 | D:8      | Reached skill level 6 in Stealth
 10410 | D:8      | Reached XP level 10. HP: 63/63 MP: 9/18
 10969 | D:8      | Reached skill level 7 in Conjurations
 11516 | D:8      | Found a runed gate.
 11516 | D:8      | Found a runed gate.
 11516 | D:8      | Found a runed gate.
 11523 | D:8      | Noticed LLavrengius's ghost (novice DrTm)
 11523 | D:8      | Noticed an 11-headed hydra
 11576 | D:9      | Reached skill level 7 in Stealth
 12154 | D:9      | Reached skill level 6 in Spellcasting
 12225 | D:9      | Reached skill level 5 in Dodging
 12230 | D:9      | Reached skill level 8 in Fire Magic
 12248 | D:9      | HP: 5/63 [yak (17)]
 12972 | D:9      | Reached skill level 8 in Stealth
 13372 | D:9      | Found a staircase to the Lair.
 13790 | D:10     | Entered Level 10 of the Dungeon
 13827 | D:10     | Reached XP level 11. HP: 59/69 MP: 13/20
 14222 | D:10     | Reached skill level 8 in Conjurations
 14272 | D:10     | Found Tes Pakk's Assorted Antiques.
 14287 | D:10     | Found a staircase to the Orcish Mines.
 14796 | D:10     | Reached skill level 6 in Dodging
 15059 | Lair:1   | Entered Level 1 of the Lair of Beasts
 15201 | Lair:1   | Reached skill level 9 in Stealth
 15635 | Lair:1   | Reached skill level 7 in Spellcasting
 15764 | Lair:1   | Gained mutation: You are somewhat unskilled. (-1 Apt) [Ru sacrifice]
 15764 | Lair:1   | Reduced skill Fighting to level 3
 15764 | Lair:1   | Reduced skill Dodging to level 5
 15764 | Lair:1   | Reduced skill Stealth to level 8
 15764 | Lair:1   | Reduced skill Shields to level 3
 15764 | Lair:1   | Reduced skill Spellcasting to level 6
 15764 | Lair:1   | Reduced skill Conjurations to level 7
 15764 | Lair:1   | Reached * piety under Ru
 16529 | Lair:2   | Reached skill level 6 in Dodging
 16544 | Lair:2   | HP: 13/68 [yak (14)]
 16659 | Lair:2   | HP: 9/68 [komodo dragon (28)]
 16665 | Lair:2   | HP: 2/68 [wolf (9)]
 16670 | Lair:2   | Reached skill level 9 in Stealth
 16670 | Lair:2   | HP: 14/68 [wolf (7)]
 16670 | Lair:2   | HP: 5/68 [wolf (9)]
 16670 | Lair:2   | Slain by a wolf

Vault maps used:
D:1:      sevenhm_arrival_forest_fort_large_2, serial_bayou,
          serial_bayou_crossing, serial_bayou_lagoon_b, serial_bayou_lake_a,
          serial_bayou_shore_a, minmay_box_of_dots
D:2:      serial_curves, eino_curves_03, eino_curves_01, eino_curves_03,
          first_ration, uniq_robin
D:3:      chequers_ecumenical_altar_grove
D:4:      serial_shops, kennysheep_mini, uniq_ijyb
D:5:      minmay_temple_entry_grid, minmay_misc_feat_pillars
D:6:      uniq_menkaure, uniq_eustachio, uniq_sigmund
D:7:      ebering_ghost_disaster_area, nicolae_ru_the_path_less_chosen,
          uniq_joseph
D:8:      minmay_ornate_pinched, lemuel_crystal_altar,
          gammafunk_ghost_hydra_chop
D:9:      due_lair_maze_entry_diamond
D:10:     zombieorc2_lemuel, serial_shops, nicolae_shop_waterfront
Temple:   kilobyte_greek_temple
Lair:1:   nicolae_quartered_pool_super, serial_bayou_shore_b,
          grunt_megastairs_5, infiniplex_staircase_pool, lemuel_fruit_fields

Skill      XL: |  1  2  3  4  5  6  7  8  9 10 11 |
---------------+----------------------------------+-----
Conjurations   | 2 3 4 5 6 7 7 |  7.8
Fighting       | 1 2 4 3 |  3.7
Fire Magic     | 4 5 6 7 8 |  8.3
Shields        | 1 2 3 4 3 |  3.6
Spellcasting   | 3 4 5 6 6 |  6.6
Stealth        | 3 6 8 9 |  9.0
Dodging        | 4 5 6 |  6.0

Action                   |  1- 3 |  4- 6 |  7- 9 | 10-12 || total
-------------------------+-------+-------+-------+-------++-------
Melee: Unarmed           |    16 |       |    35 |       ||    51
       Constrict         |     8 |    11 |    24 |     9 ||    52
       Dagger            |     3 |    29 |    88 |    51 ||   171
       Tentacles         |     2 |     4 |    11 |    11 ||    28
       Falchion          |       |       |     6 |       ||     6
       Hand axe          |       |       |       |    19 ||    19
 Fire: Hunting sling     |       |    56 |    21 |     3 ||    80
 Cast: Flame Tongue      |    55 |    75 |   133 |   295 ||   558
       Throw Flame       |     1 |     9 |    30 |    96 ||   136
       Conjure Flame     |       |     3 |     6 |     3 ||    12
       Sticky Flame      |       |       |     3 |     9 ||    12
       Fireball          |       |       |       |     2 ||     2
Invok: Reject Sacrifices |       |       |     1 |       ||     1
       Sacrifice Skill   |       |       |       |     1 ||     1
Evoke: Wand              |       |       |     5 |       ||     5
  Use: Scroll            |       |    14 |     6 |     2 ||    22
       Potion            |       |       |     1 |     5 ||     6
 Stab: Sleeping          |       |     3 |     7 |     3 ||    13
  Eat: Chunk             |     4 |    11 |    13 |    12 ||    40
       Ration            |       |       |     2 |     3 ||     5
Armor: Skin              |     2 |     2 |    13 |     4 ||    21
Dodge: Dodged            |    23 |    58 |   112 |   138 ||   331
Block: Buckler           |       |     7 |    26 |    51 ||    84
       Rpst.: Falchion   |       |       |     2 |       ||     2

Table legend:
 A = Spawn XP
 B = Non-spawn XP
 C = Spawn XP percentage of total XP
 D = Spawn monster count
 E = Non-spawn monster count
 F = Spawn count percentage of total count
 G = Total turns spent on level
                    A         B        C        D         E        F      G
               +---------+---------+-------+---------+---------+-------+---------
         Total |       0 |   14450 |   0.0 |       0 |     258 |   0.0 | 16670
               +---------+---------+-------+---------+---------+-------+---------
           D:1 |       0 |      54 |   0.0 |       0 |      25 |   0.0 |  1717
           D:2 |       0 |      69 |   0.0 |       0 |      29 |   0.0 |  1461
           D:3 |       0 |     230 |   0.0 |       0 |      16 |   0.0 |  1245
           D:4 |       0 |     407 |   0.0 |       0 |      12 |   0.0 |  1184
           D:5 |       0 |     119 |   0.0 |       0 |       5 |   0.0 |   715
           D:6 |       0 |    1128 |   0.0 |       0 |      21 |   0.0 |  2043
           D:7 |       0 |    1204 |   0.0 |       0 |      23 |   0.0 |  1457
           D:8 |       0 |    2484 |   0.0 |       0 |      28 |   0.0 |  2088
           D:9 |       0 |    3302 |   0.0 |       0 |      41 |   0.0 |  2341
          D:10 |       0 |    1358 |   0.0 |       0 |      39 |   0.0 |   711
        Lair:1 |       0 |    2892 |   0.0 |       0 |      14 |   0.0 |  1401
        Lair:2 |       0 |    1203 |   0.0 |       0 |       5 |   0.0 |   210
               +---------+---------+-------+---------+---------+-------+---------

Table legend:
 A = Turns spent in this place as a percentage of turns spent in the entire game.
 B = Non-inter-level travel turns spent in this place as a percentage of non-inter-level travel turns spent in the entire game.
 C = Inter-level travel turns spent in this place as a percentage of turns spent in this place.
 D = Turns resting spent in this place as a percentage of non-inter-level travel turns spent in this place.
 E = Turns spent auto-exploring this place as a percentage of non-inter-level travel turns spent in this place.
 F = Non-inter-level travel turns spent in this place divided by the number of levels of this place that you've seen.
                   A       B       C       D       E      F
               +-------+-------+-------+-------+-------+----------------------
         Total | 100.0 | 100.0 |   4.1 |  41.1 |  36.6 | 1229.2
       Dungeon |  89.8 |  89.6 |   4.3 |  41.9 |  36.2 | 1431.8
        Temple |   0.6 |   0.4 |  37.1 |   0.0 |  59.0 |  61.0
          Lair |   9.7 |  10.0 |   0.7 |  36.2 |  39.4 | 800.0
               +-------+-------+-------+-------+-------+----------------------

Table legend:
 A = Kills in this place as a percentage of kills in entire the game.
 B = Kills by you in this place as a percentage of kills by you in the entire game.
 C = Kills by friends in this place as a percentage of kills by friends in the entire game.
 D = Other kills in this place as a percentage of other kills in the entire game.
 E = Experience gained in this place as a percentage of experience gained in the entire game.
 F = Experience gained in this place divided by the number of levels of this place that you have seen.
                   A       B       C       D       E      F
               +-------+-------+-------+-------+-------+----------------------
         Total | 100.0 | 100.0 |   N/A |   N/A | 100.0 | 1111.5
       Dungeon |  92.6 |  92.6 |   N/A |   N/A |  71.7 | 1035.5
          Lair |   7.4 |   7.4 |   N/A |   N/A |  28.3 | 2047.5
               +-------+-------+-------+-------+-------+----------------------
